Map: King's Cove LE

Players

PeLLy - Winner!

  • Race: Zerg Zerg
  • League: Diamond
  • Spawn Location: 11:00

strech

  • Race: Terran Terran
  • League: Platinum
  • Spawn Location: 5:00

VOD

Have the link to the VOD?

Description

Time

  • Played on: Aug. 15, 2019, 4:21 p.m.
  • Length: 24:10
Show
View Real Time Build Order
Export as new Build Order

PeLLy Zerg - Winner!

Build Orders: Hatch First 

Get SALT Encoding   

  12  0:01  Drone  
  13  0:13  Overlord  
  13  0:21  Drone  
  14  0:32  Drone x2  
  16  0:40  Drone  
  17  0:58  Drone  
  18  1:05  Hatchery  
  17  1:13  Spawning Pool  
  17  1:15  Extractor  
  17  1:16  Drone  
  16  1:20  Drone  
  16  1:24  Drone  
  18  1:30  Drone  
  19  1:41  Overlord  
  19  1:59  Zergling x2  
  19  2:00  Queen  
  22  2:03  Zergling x2  
  23  2:16  Metabolic Boost  
  23  2:19  Drone  
  23  2:21  Drone  
  25  2:23  Queen  
  25  2:24  Drone  
  28  2:43  Hatchery  
  27  2:49  Drone  
  27  2:50  Drone x3  
  31  2:59  Drone, Baneling Nest  
  31  3:04  Drone  
  31  3:05  Drone  
  33  3:18  Drone x3  
  33  3:19  Overlord  
  36  3:28  Overlord  
  36  3:39  Drone x4  
  40  3:46  Drone  
  40  3:47  Drone  
  40  3:48  Drone, Evolution Chamber  
  42  3:50  Evolution Chamber  
  41  3:56  Queen  
  41  3:57  Drone x2  
  45  4:06  Extractor  
  45  4:07  Extractor, Drone x3  
  45  4:08  Drone  
  47  4:13  Lair  
  47  4:17  Zerg Melee Weapons Level 1  
  47  4:38  Overlord x4  
  47  4:42  Zergling x16  
  55  4:47  Zerg Ground Armor Level 1  
  55  4:49  Zergling x4  
  57  5:08  Zergling x8  
  57  5:09  Zergling x6  
  57  5:11  Overlord  
  64  5:15  Queen  
  64  5:20  Spore Crawler  
  65  5:23  Spore Crawler  
  65  5:25  Spore Crawler  
  65  5:27  Pneumatized Carapace  
  58  5:53  Queen x2  
  57  6:06  Spore Crawler  
  52  6:14  Spore Crawler  
  39  6:20  Queen  
  36  6:29  Queen  
  36  6:32  Drone x7  
  45  6:33  Drone x10  
  45  6:39  Hydralisk Den  
  52  6:43  Queen  
  54  6:49  Extractor  
  53  6:54  Extractor  
  52  7:08  Zerg Missile Weapons Level 1  
  52  7:09  Zerg Ground Armor Level 2  
  52  7:12  Grooved Spines  
  52  7:16  Queen  
  52  7:18  Queen x2  
  58  7:24  Drone x4  
  58  7:29  Zergling x6  
  65  7:43  Spore Crawler  
  64  7:46  Spore Crawler  
  62  7:58  Hydralisk x8  
  74  8:17  Drone x11  
  74  8:18  Drone  
  76  8:37  Queen  
  76  8:38  Spore Crawler  
  72  8:50  Spire  
  72  8:54  Drone x7  
  72  8:55  Drone x3  
  81  9:00  Spore Crawler  
  80  9:06  Spore Crawler  
  79  9:16  Spore Crawler  
  78  9:24  Zergling x18  
  78  9:25  Zergling x2  
  78  9:30  Centrifical Hooks  
  88  9:32  Zerg Melee Weapons Level 2  
  88  9:35  Overlord  
  88  9:43  Drone x5  
  93  10:00  Baneling x6  
  93  10:09  Hydralisk  
  93  10:10  Hydralisk x6  
  99  10:27  Zergling x14  
  104  10:33  Hydralisk  
  106  10:37  Overlord x2  
  106  10:38  Overlord x3  
  106  10:49  Zerg Flyer Armor Level 1  
  106  10:50  Hatchery  
  105  11:01  Baneling x10  
  105  11:09  Hatchery  
  100  11:32  Hydralisk  
  98  11:33  Hydralisk x10  
  120  11:53  Corruptor x3  
  125  12:03  Hatchery  
  102  12:43  Corruptor x8  
  118  12:52  Zerg Flyer Armor Level 2  
  118  12:56  Zergling x2  
  118  12:57  Hatchery, Zergling x2  
  119  13:00  Zergling x2  
  120  13:08  Drone x4  
  120  13:09  Drone  
  125  13:20  Drone  
  125  13:21  Drone  
  125  13:22  Drone x4  
  131  13:29  Baneling x2  
  131  13:30  Baneling x4  
  131  13:39  Drone  
  131  13:40  Drone x6  
  138  13:44  Extractor  
  138  13:45  Extractor  
  131  14:03  Corruptor x4  
  139  14:13  Corruptor x3  
  145  14:25  Drone x10  
  155  14:37  Corruptor  
  157  14:39  Overlord x3  
  157  14:53  Infestation Pit  
  157  14:55  Zerg Missile Weapons Level 2  
  156  15:01  Drone x3  
  156  15:02  Drone x8  
  167  15:17  Corruptor x4  
  175  15:27  Extractor  
  174  15:31  Extractor  
  173  15:43  Overlord x2  
  173  15:51  Zergling x18  
  180  16:00  Drone  
  180  16:01  Drone x23  
  190  16:23  Baneling x18  
  190  16:31  Hatchery  
  189  16:33  Lair  
  189  16:34  Hive  
  182  17:02  Hatchery  
  181  17:16  Overlord x3  
  181  17:17  Overlord x2  
  181  17:25  Zergling x2  
  181  17:26  Zergling x2  
  181  17:29  Overlord x3  
  181  17:40  Extractor  
  180  17:45  Extractor, Overlord  
  180  17:46  Overlord  
  180  17:48  Zergling x4  
  180  17:49  Zergling x16  
  158  18:31  Overlord x3  
  154  18:35  Overlord x2  
  154  18:51  Greater Spire  
  154  18:53  Zerg Missile Weapons Level 3  
  154  18:54  Adrenal Glands  
  154  18:55  Zergling x20  
  159  18:56  Zergling x22  
  171  19:30  Baneling  
  171  19:31  Baneling x24  
  171  19:48  Hatchery  
  151  20:24  Corruptor x4  
  151  20:25  Corruptor x13  
  174  20:54  Corruptor  
  174  20:55  Corruptor x10  
  157  21:49  Zergling x2  
  157  21:50  Zergling x16  
  150  22:12  Lair  
  149  22:17  Zergling x2  
  149  22:18  Zergling x10  
  154  22:29  Baneling x6  
  154  22:30  Zergling x6  
  156  23:05  Baneling  
  156  23:06  Baneling x27  
  156  23:07  Baneling x26  
  155  23:22  Zergling x4  
  155  23:23  Zergling x26  
Show
View Real Time Build Order
Export as new Build Order

strech Terran 

Build Orders:  

Get SALT Encoding   

  12  0:01  SCV  
  13  0:13  SCV  
  14  0:30  SCV, Supply Depot  
  14  0:33  Refinery  
  15  0:52  SCV  
  15  0:53  Supply Depot  
  16  1:10  SCV  
  17  1:14  Barracks  
  17  1:18  Refinery  
  17  1:25  SCV  
  18  1:40  SCV  
  19  1:52  SCV  
  20  2:05  Factory  
  20  2:07  Supply Depot  
  20  2:15  SCV  
  21  2:18  Marine  
  22  2:39  Command Center  
  22  2:43  SCV  
  23  2:44  Marine  
  23  2:50  Starport  
  24  2:54  Factory Tech Lab  
  24  3:00  SCV  
  25  3:12  Marine  
  26  3:21  Starport  
  26  3:28  Fusion Core  
  26  3:32  Starport Tech Lab  
  26  3:36  Marine  
  26  3:37  Supply Depot  
  27  3:46  Siege Tank  
  30  3:50  SCV  
  31  4:18  Battlecruiser  
  37  4:25  SCV  
  37  4:29  Orbital Command  
  38  4:37  SCV  
  39  4:42  Marine  
  40  4:47  Weapon Refit  
  40  4:50  SCV  
  41  4:56  Refinery  
  41  5:03  SCV  
  41  5:04  Refinery  
  42  5:09  Engineering Bay  
  42  5:11  Supply Depot  
  42  5:15  SCV  
  43  5:27  SCV  
  44  5:39  SCV  
  45  5:51  SCV  
  46  6:23  Battlecruiser  
  52  6:42  Marine  
  52  6:47  SCV  
  54  6:58  Starport  
  54  6:59  Command Center, SCV  
  54  7:00  Marine  
  56  7:01  Starport  
  56  7:02  Supply Depot  
  56  7:05  Supply Depot  
  57  7:17  Marine  
  57  7:18  Planetary Fortress  
  57  7:35  Marine  
  58  7:53  Marine  
  59  8:12  Refinery  
  59  8:37  Battlecruiser  
  65  8:52  Starport Tech Lab x2  
  65  9:00  Siege Tank  
  68  9:05  SCV  
  69  9:11  Marine  
  70  9:17  SCV  
  70  9:22  Armory x2  
  70  9:23  Battlecruiser  
  77  9:29  SCV, Marine  
  79  9:32  Siege Tank  
  79  9:34  Planetary Fortress  
  82  9:41  Bunker, SCV  
  83  9:47  Marine  
  84  9:53  SCV  
  85  10:04  Siege Tank, Marine  
  85  10:05  SCV  
  89  10:12  Bunker  
  89  10:17  SCV  
  89  10:20  SCV  
  91  10:22  Marine  
  92  10:29  SCV  
  93  10:43  Bunker  
  93  10:48  Supply Depot  
  93  10:51  Supply Depot  
  93  10:53  Supply Depot  
  93  11:01  Terran Vehicle And Ship Armor Level 1  
  93  11:02  Terran Ship Weapons Level 1  
  93  11:10  Battlecruiser, SCV x2  
  101  11:13  Battlecruiser  
  101  11:15  Battlecruiser  
  113  11:22  SCV  
  114  11:34  SCV  
  115  11:46  SCV  
  116  11:58  SCV  
  117  12:22  Battlecruiser  
  117  12:52  Battlecruiser, SCV  
  117  12:58  Terran Ship Weapons Level 2, Terran Vehicle And Ship Armor Level 2  
  124  13:01  Marine  
  124  13:04  SCV  
  126  13:15  Command Center  
  126  13:16  SCV  
  126  13:18  Marine  
  128  13:28  SCV  
  129  13:36  Marine  
  129  13:38  Supply Depot  
  129  13:39  Supply Depot  
  129  13:40  SCV, Supply Depot  
  131  13:41  Supply Depot  
  131  13:47  Battlecruiser  
  137  13:52  SCV  
  137  13:54  Marine  
  138  13:57  Battlecruiser  
  138  14:10  Missile Turret  
  138  14:12  Marine  
  138  14:14  SCV  
  140  14:24  Missile Turret  
  140  14:26  SCV  
  140  14:29  Missile Turret  
  140  14:30  Marine  
  142  14:43  Missile Turret  
  142  14:47  Marine  
  142  14:49  Missile Turret  
  143  14:53  Missile Turret  
  143  15:02  Missile Turret  
  143  15:03  Battlecruiser x2  
  143  15:05  Marine  
  156  15:07  SCV  
  156  15:09  Missile Turret  
  156  15:13  Missile Turret  
  157  15:15  Missile Turret  
  157  15:20  SCV  
  158  15:23  Marine  
  158  15:25  Missile Turret  
  158  15:26  Battlecruiser  
  165  15:30  Missile Turret  
  165  15:31  Terran Vehicle And Ship Armor Level 3  
  165  15:32  SCV, Terran Ship Weapons Level 3  
  165  15:34  Missile Turret  
  166  15:39  Missile Turret  
  160  15:51  Missile Turret  
  160  16:24  Battlecruiser x2  
  172  16:28  Orbital Command  
  170  16:48  Missile Turret  
  165  17:03  Missile Turret  
  165  17:07  Refinery, Missile Turret  
  165  17:10  Refinery  
  165  17:12  SCV  
  165  17:23  Missile Turret  
  165  17:24  SCV  
  165  17:25  SCV  
  165  17:36  SCV  
  166  17:43  Missile Turret  
  166  17:48  SCV  
  165  18:02  Missile Turret  
  164  18:23  Marine  
  164  18:24  Missile Turret  
  157  18:41  Marine  
  153  18:43  Missile Turret  
  153  18:46  Battlecruiser  
  153  18:47  Battlecruiser  
  165  18:50  Supply Depot  
  165  18:51  Supply Depot  
  165  18:54  Terran Vehicle Weapons Level 1  
  165  18:55  SCV  
  166  18:58  Marine  
  167  19:03  Widow Mine  
  167  19:07  SCV  
  170  19:13  Supply Depot  
  170  19:24  Widow Mine  
  172  19:46  Widow Mine  
  174  19:56  Command Center  
  141  20:07  Widow Mine  
  140  20:17  Marine  
  141  20:29  Widow Mine  
  44  22:08  SCV  
  45  22:14  Barracks  
  45  22:15  Barracks  
  44  22:17  Barracks x2  
  44  22:20  SCV  
  45  22:40  Command Center  
  37  22:54  Supply Depot  
  37  23:00  Supply Depot  
  37  23:04  Supply Depot  
  36  23:17  Supply Depot  
  35  23:27  Marine  
  35  23:28  Marine x3  
  28  23:41  Supply Depot  
Tags
 
Add a new tag
Caveats
  • Supply blocks, unpowered buildings, or Contaminate may cause inaccurate times.
  • Supply counts are checked every 10 seconds.